 Dungeon Crawl Stone Soup version 0.26-a0-651-gb41185065b (webtiles) character file.

Game seed: 3468176866821612205

14684 Flugslaktarn the Cleaver (level 11, 0/108 HPs)
             Began as a Deep Dwarf Fighter on Oct 11, 2020.
             Was a High Priest of Makhleb.
             Slain by a titanic slime creature (66 damage)
             ... on level 12 of the Dungeon.
             The game lasted 00:05:59 (7020 turns).

Flugslaktarn the Cleaver (Deep Dwarf Fighter)       Turns: 7020, Time: 00:06:00

Health: 0/108      AC: 20    Str: 20    XL:     11   Next: 92%
Magic:  15/15 (6)  EV:  8    Int:  9    God:    Makhleb [*****.]
Gold:   535        SH: 10    Dex: 17    Spells: 10/10 levels left

rFire    . . .     SeeInvis .   i - +4 war axe
rCold    . . .     Faith    .   c - +0 kite shield
rNeg     . . .     Spirit   .   r - +0 plate armour
rPois    .         Reflect  .   g - +0 helmet
rElec    .         Harm     .   (no cloak)
rCorr    .         Rampage  .   s - +0 pair of gloves
MR       ++...                  f - +2 pair of boots
Stlth    ..........             (no amulet)
HPRegen  0.00/turn              m - ring of protection from magic
MPRegen  0.14/turn              v - ring of magical power (curse)

@: non-regenerating
A: damage resistance, heal wounds, agile 1, deterioration 1, sense surroundings
2, no potion heal 1, no regeneration
a: Heal Wounds, Minor Destruction, Lesser Servant of Makhleb, Major Destruction,
Greater Servant of Makhleb, Renounce Religion


You were on level 12 of the Dungeon.
You worshipped Makhleb.
Makhleb was extremely pleased with you.
You visited 1 branch of the dungeon, and saw 12 of its levels.

You collected 625 gold pieces.
You spent 90 gold pieces at shops.

Inventory:

Hand Weapons
 a - a +0 war axe
 d - a +1 battleaxe of draining
   (You took it off a wight on level 6 of the Dungeon)
 i - a +4 war axe (weapon)
   (You took it off a wight on level 11 of the Dungeon)
Armour
 c - a +0 kite shield (worn)
 f - a +2 pair of boots (worn)
   (You found it on level 7 of the Dungeon)
 g - a +0 helmet (worn)
   (You found it on level 5 of the Dungeon)
 r - a +0 plate armour (worn)
   (You took it off an orc warrior on level 12 of the Dungeon)
 s - a +0 pair of gloves (worn)
   (You found it on level 6 of the Dungeon)
Jewellery
 m - a ring of protection from magic (left hand)
   (You found it on level 6 of the Dungeon)
 o - an uncursed ring of poison resistance
   (You found it on level 8 of the Dungeon)
 v - a cursed ring of magical power (right hand)
   (You found it on level 11 of the Dungeon)
Scrolls
 j - 2 scrolls of fog
 n - a scroll of enchant weapon
 t - 3 scrolls of teleportation
 x - 4 scrolls of remove curse
 z - 2 scrolls of blinking
Potions
 b - 3 potions of brilliance
 e - a potion of flight
 h - 3 potions of haste
 k - a potion of magic
 l - a potion of resistance {unknown}
 p - a potion of invisibility {unknown}
 q - 2 potions of curing
 w - 2 potions of heal wounds


   Skills:
 * Level 10.1 Fighting
 * Level 11.6 Axes
 + Level 8.9 Armour
 + Level 7.6 Dodging
 - Level 4.0 Shields
 + Level 8.8 Invocations


You had 10 spell levels left.
You didn't know any spells.
Your spell library was empty.

Dungeon Overview and Level Annotations

Branches:
Dungeon (12/15)            Temple (0/1) D:6            Lair (0/6) D:8
    Orc (0/2) D:12

Altars:
Ashenzari
Dithmenos
Elyvilon
Fedhas
Kikubaaqudgha
Makhleb
Qazlal
Yredelemnul

Shops:
D:4 *   D:7 *

Annotations:
D:4 2 runed translucent doors, p0werm0de's ghost, weakling OpDe


Innate Abilities, Weirdness & Mutations

You are resistant to damage.
You can heal yourself by infusing magical energy.
You passively map the area around you.
You do not regenerate.
You are agile. (Dex +2)
Your body sometimes deteriorates upon taking damage.
Potions are less effective at restoring your health.


Message History

A large slime creature splits.
The vampire mosquito bites you but does no damage.
The vampire mosquito bites you but does no damage.
You feel much better. The vampire mosquito barely misses you.
The slime creature hits you. The slime creature barely misses you.
The vampire mosquito bites you.
The vampire mosquito draws strength from your injuries!
The vampire mosquito bites you but does no damage.
Two slime creatures merge to form a titanic slime creature.
You block the vampire mosquito's attack.
The vampire mosquito bites you but does no damage.
The vampire mosquito bites you but does no damage.
You slash the vampire mosquito!
The vampire mosquito is almost destroyed.
You block the vampire mosquito's attack.
You slice the titanic slime creature!!
The titanic slime creature is lightly wounded.
You slash the slime creature! The titanic slime creature hits you!!!
Ouch! That really hurt!
You die...

......######....##
###...., ..###
#.....##.......,, *
#..............,
##............. ,,
#............. * *
#............# *
#...y.......##
#...JJ......# ,
#...@.......# ,
####...........# *
###..............#
###................#
,#...................#
#.......................#
#.......................#
........................
.....................


You could see a titanic slime creature, a slime creature and a vampire mosquito.

Vanquished Creatures
  2 centaur warriors (D:10)
  A two-headed ogre (D:9)
  Nergalle (D:12)
  A cyclops (D:10)
  3 ugly things
  3 gargoyles
  Psyche (D:8)
  Maggie (D:9)
  A hornet (D:9)
  2 hippogriffs (D:10)
  2 wyverns
  11 yaks
  A vampire mosquito (D:12)
  4 orc warriors
  5 ice beasts
  A hornet zombie (D:10)
  2 sky beasts
  A necrophage (D:12)
  3 phantoms
  5 ogres
  5 centaurs
  3 big kobolds
  6 bullfrogs
  2 wyvern zombies
  A gnoll sergeant (D:6)
  5 scorpions
  16 killer bees
  11 wights
  3 electric eels
  4 howler monkeys
  3 centaur zombies
  6 hounds
  2 bullfrog zombies
  4 jellies
  A gnoll shaman (D:5)
  3 orc priests
  A bullfrog skeleton (D:10)
  A centaur skeleton (D:4)
  An iguana (D:10)
  Natasha (thrice) (D:4)
  3 orc wizards
  7 worker ants
  2 hound zombies
  A howler monkey zombie (D:7)
  A worker ant zombie (D:11)
  8 gnolls
  13 adders
  3 shadow imps
  3 white imps
  5 ufetubi
  2 adder zombies
  A worm (D:2)
  3 leopard geckos
  41 orcs
  7 giant cockroaches
  A hobgoblin (D:3)
  12 jackals
  7 quokkas
  A ball python (D:7)
  2 goblins
  16 kobolds
  A leopard gecko skeleton (D:6)
  A leopard gecko zombie (D:7)
  A quokka skeleton (D:9)
  A rat (D:2)
275 creatures vanquished.

Vanquished Creatures (others)
  An orc (D:11)
  A quokka (D:5)
2 creatures vanquished.

Grand Total: 277 creatures vanquished

Notes
Turn   | Place    | Note
-------+----------+-------------------------------------------
     0 | D:1      | Flugslaktarn the Deep Dwarf Fighter began the quest for the
                  | Orb.
     0 | D:1      | Reached XP level 1. HP: 20/20 MP: 1/1
   222 | D:3      | Reached XP level 2. HP: 22/27 MP: 2/2
   263 | D:3      | Found a broken altar of Ashenzari.
   359 | D:4      | Found a blossoming altar of Fedhas.
   418 | D:4      | Found a runed translucent door.
   421 | D:4      | Noticed p0werm0de's ghost (weakling OpDe)
   438 | D:4      | Reached skill level 3 in Axes
   438 | D:4      | Reached XP level 3. HP: 32/34 MP: 2/2
   449 | D:4      | Reached XP level 4. HP: 42/42 MP: 3/3
   547 | D:4      | Noticed Natasha
   549 | D:4      | Found Nesehol's General Store.
   563 | D:4      | Killed Natasha
   569 | D:4      | Reached skill level 4 in Axes
   569 | D:4      | Reached XP level 5. HP: 29/50 MP: 4/4
   632 | D:4      | Found a runed translucent door.
  1014 | D:4      | Noticed Natasha
  1025 | D:4      | Killed Natasha
  1025 | D:4      | Reached XP level 6. HP: 45/57 MP: 5/5
  1172 | D:4      | Noticed Natasha
  1179 | D:4      | Killed Natasha
  1179 | D:4      | Reached skill level 1 in Dodging
  1189 | D:5      | Entered Level 5 of the Dungeon
  1297 | D:5      | Found a white marble altar of Elyvilon.
  1391 | D:5      | Found a stormy altar of Qazlal.
  1392 | D:5      | Noticed a fire elemental
  1393 | D:5      | Noticed a water elemental
  1393 | D:5      | Noticed an air elemental
  1487 | D:5      | Reached skill level 5 in Axes
  1504 | D:5      | Reached XP level 7. HP: 57/66 MP: 6/6
  1544 | D:5      | Found a basalt altar of Yredelemnul.
  1800 | D:5      | Found a burning altar of Makhleb.
  1822 | D:5      | Became a worshipper of Makhleb the Destroyer
  1924 | D:5      | Reached skill level 5 in Fighting
  1949 | D:6      | Reached skill level 1 in Invocations
  1957 | D:6      | Reached skill level 5 in Armour
  2037 | D:6      | Reached skill level 6 in Axes
  2037 | D:6      | Reached XP level 8. HP: 45/75 MP: 7/7
  2285 | D:6      | Found a staircase to the Ecumenical Temple.
  2308 | D:6      | Reached * piety under Makhleb
  2618 | D:7      | Found Jekin's General Store.
  2633 | D:7      | Bought a scroll of enchant armour for 90 gold pieces
  2676 | D:7      | Reached skill level 7 in Axes
  2743 | D:7      | Gained mutation: You have a pair of small horns on your
                  | head. [potion of mutation]
  2743 | D:7      | Gained mutation: You have a pair of horns on your head.
                  | [potion of mutation]
  3129 | D:8      | Found a staircase to the Lair.
  3250 | D:8      | Gained mutation: You passively map the area around you.
                  | [Deep Dwarf growth]
  3250 | D:8      | Reached XP level 9. HP: 39/85 MP: 5/5
  3276 | D:8      | Reached ** piety under Makhleb
  3593 | D:8      | Found an ancient bone altar of Kikubaaqudgha.
  3735 | D:8      | Noticed Psyche
  3748 | D:8      | Killed Psyche
  3748 | D:8      | Reached skill level 8 in Axes
  3811 | D:8      | Found a shadowy altar of Dithmenos.
  3830 | D:8      | Reached skill level 5 in Invocations
  4272 | D:9      | Noticed a two-headed ogre
  4294 | D:9      | Killed a two-headed ogre
  4294 | D:9      | Reached skill level 5 in Dodging
  4426 | D:9      | Reached skill level 9 in Axes
  4426 | D:9      | Reached XP level 10. HP: 96/96 MP: 6/6
  4518 | D:9      | Noticed a fire dragon
  4529 | D:9      | Noticed a green ugly thing
  4540 | D:9      | Killed a green ugly thing
  4664 | D:9      | Noticed Maggie
  4672 | D:9      | Killed Maggie
  4942 | D:10     | Entered Level 10 of the Dungeon
  4950 | D:10     | Reached *** piety under Makhleb
  5084 | D:10     | Reached skill level 10 in Axes
  5158 | D:10     | Noticed a cyclops
  5164 | D:10     | Noticed a centaur warrior
  5173 | D:10     | Killed a cyclops
  5180 | D:10     | Killed a centaur warrior
  5187 | D:10     | Reached XP level 11. HP: 48/106 MP: 7/7
  5211 | D:10     | Noticed a centaur warrior
  5224 | D:10     | Killed a centaur warrior
  5226 | D:10     | Identified the +1 leather armour of Motak Kyu {MR+}
  5742 | D:11     | Reached **** piety under Makhleb
  5813 | D:11     | Lost mutation: You have a pair of horns on your head.
                  | [potion of mutation]
  5813 | D:11     | Lost mutation: You have a pair of small horns on your head.
                  | [potion of mutation]
  5813 | D:11     | Gained mutation: Your body sometimes deteriorates upon
                  | taking damage. [potion of mutation]
  5813 | D:11     | Gained mutation: Potions are less effective at restoring
                  | your health. [potion of mutation]
  5813 | D:11     | Gained mutation: You are agile. (Dex +2) [potion of
                  | mutation]
  5924 | D:11     | Reached skill level 11 in Axes
  6019 | D:11     | Noticed a purple ugly thing
  6029 | D:11     | Killed a purple ugly thing
  6031 | D:11     | HP: 2/106 [gargoyle/+0 mace (11)]
  6341 | D:11     | Noticed a green ugly thing
  6359 | D:11     | Killed a green ugly thing
  6744 | D:12     | Found a staircase to the Orcish Mines.
  6783 | D:12     | Reached skill level 10 in Fighting
  6791 | D:12     | Noticed Nergalle
  6814 | D:12     | Killed Nergalle
  6837 | D:12     | Reached ***** piety under Makhleb
  7020 | D:12     | Slain by a titanic slime creature

Illustrated notes

Levels and vault maps discovered:
D:1:      dpeg_arrival_yet_another_circle, layout_loops_ring, minivault_4,
          hangedman_decor_riveting
D:2:      layout_loops_corners, old_standard_altar, uniq_crazy_yiuf_cottage,
          uniq_sigmund
D:3:      layout_loops_ring, evilmike_ruin_ashenzari, st_stairs_1,
          kennysheep_flooded_box
D:4:      layout_basic, overflow_temple_1_default, serial_shops, shop,
          ebering_ghost_sewer_f, small_statue_intersection, uniq_natasha
D:5:      layout_loops_cross, old_standard_altar, elyvilon_altar_4,
          nicolae_qazlal_style_of_elements, makhleb_blood_cavern_becter
D:6:      layout_rooms, minmay_temple_entry_statues_fountains
D:7:      layout_cave_pools, serial_shops, nicolae_shop_waterfront
D:8:      cheibrodos_helix_gallery, layout_basic, grunt_dithmenos_shadows,
          kiku_gazebo_pond_becter, lair_entry_dummy, uniq_psyche
D:9:      dragon1_lemuel, layout_basic, uniq_maggie
D:10:     layout_roguey, minmay_pinched_square
D:11:     layout_basic
D:12:     layout_layer_cave, orc_david_3, uniq_nergalle, uniq_fannar, uniq_urug

Skill      XL: |  1  2  3  4  5  6  7  8  9 10 11 |
---------------+----------------------------------+-----
Fighting       | 3 4 5 6 7 9 10 | 10.1
Axes           | 3 4 5 6 7 9 10 11 | 11.6
Armour         | 4 5 6 8 |  8.9
Shields        | 4 |  4.0
Dodging        | 1 2 4 5 6 7 |  7.6
Invocations    | 2 4 5 7 8 |  8.8

Action                   |  1- 3 |  4- 6 |  7- 9 | 10-12 || total
-------------------------+-------+-------+-------+-------++-------
Melee: War axe           |    42 |   152 |   141 |   151 ||   486
       Battleaxe         |       |       |   267 |   297 ||   564
       Headbutt          |       |       |    27 |    71 ||    98
 Abil: Heal Wounds       |     3 |     4 |    26 |    22 ||    55
  Use: Potion            |       |       |     7 |     1 ||     8
       Scroll            |       |       |    14 |     9 ||    23
Armor: Scale mail        |    30 |    75 |    64 |       ||   169
       Chain mail        |       |       |   244 |   229 ||   473
       Skin              |       |       |    41 |     3 ||    44
       Plate armour      |       |       |       |    18 ||    18
Dodge: Dodged            |    21 |    38 |   242 |   303 ||   604
Block: Kite shield       |    25 |    60 |    90 |    92 ||   267

Table legend: (Time is in decaauts)
 A = Elapsed time spent in this place.
 B = Non-inter-level travel time spent in this place.
 C = Inter-level travel time spent in this place.
 D = Time resting spent in this place.
 E = Time spent auto-exploring this place.
 F = Levels seen in this place.
 G = Mean time per level.
                   A        B        C        D        E       F      G
               +--------+--------+--------+--------+--------+-----+--------+
         Total |   7293 |   6881 |    412 |     14 |   4699 |  12 |  607.8 |
       Dungeon |   7293 |   6881 |    412 |     14 |   4699 |  12 |  607.8 |
               +--------+--------+--------+--------+--------+-----+--------+

Top non-repeatable levels by time:
     D:8: 1164 daAuts
    D:11: 1039 daAuts
     D:4: 902 daAuts
     D:5: 833 daAuts
    D:10: 810 daAuts
     D:9: 762 daAuts
     D:6: 699 daAuts
     D:7: 460 daAuts
    D:12: 281 daAuts
     D:3: 146 daAuts
     D:1: 109 daAuts
     D:2: 83 daAuts
